 Dungeon Crawl Stone Soup version 0.25-a0-424-g80bd347ae0 (webtiles) character file.

Game seed: 4126436769300613013, levelgen mode: deterministic

7910 Kohma the Carver (level 11, -1/94 HPs)
             Began as a Naga Venom Mage on Jan 21, 2020.
             Was an Elder of Fedhas.
             Slain by a two-headed ogre
             ... wielding a +0 great mace
              (26 damage)
             ... on level 9 of the Dungeon on Jan 22, 2020.
             The game lasted 00:48:50 (13733 turns).

Kohma the Carver (Naga Venom Mage)                 Turns: 13733, Time: 00:48:51

Health: -1/94      AC:  9    Str: 10    XL:     11   Next: 22%
Magic:  3/18       EV: 11    Int: 18    God:    Fedhas [****..]
Gold:   423        SH:  4    Dex: 13    Spells: 10/20 levels left

rFire    + + .     SeeInvis +   F - +7 Screaming Sword {vorpal, sonic wave}
rCold    . . .     Gourm    .   y - +0 buckler
rNeg     . . .     Faith    .   q - +1 robe
rPois    +         Spirit   .   B - +2 hat
rElec    .         Reflect  .   n - scarf {cloud immunity}
rCorr    .         Harm     .   G - +0 pair of gloves (curse)
MR       +....                  (no barding)
Stlth    ++........             (no amulet)
HPRegen  0.25/turn              (no ring)
MPRegen  0.16/turn              (no ring)

@: very slow
A: large, see invisible, deformed body, fire resistance 2, poison resistance,
slowness 2, slow metabolism 1, spit poison 1, AC +3
a: Spit Poison, Wall of Briars, Grow Ballistomycete, Overgrow, Renounce Religion


You were on level 9 of the Dungeon.
You worshipped Fedhas.
Fedhas was greatly pleased with you.
You were not hungry.

You visited 2 branches of the dungeon, and saw 10 of its levels.

You collected 423 gold pieces.

Inventory:

Hand Weapons
 a - a +1 hunting sling
 o - a +0 rapier of electrocution
 F - the +7 Screaming Sword (weapon) {vorpal, sonic wave}
   (You took it off an orc on level 7 of the Dungeon)

   It inflicts extra damage upon your enemies.
 M - a +5 halberd
Missiles
 e - 269 stones
 g - 2 throwing nets
 t - 28 poisoned darts
 z - 19 sling bullets
 K - 7 javelins (quivered)
 L - 7 curare-tipped darts
Armour
 n - a scarf of cloud immunity (worn)
 q - a +1 robe (worn)
 y - a +0 buckler (worn)
 B - a +2 hat (worn)
 G - a cursed +0 pair of gloves (worn)
Jewellery
 b - a cursed +5 ring of dexterity {unknown}
Wands
 d - a wand of flame (10)
 s - a wand of acid (7)
 u - a wand of paralysis (17)
 E - a wand of enslavement (6)
 H - a wand of disintegration (10)
 O - a wand of iceblast (6)
Scrolls
 h - a scroll of vulnerability {unknown}
 i - a scroll of blinking
 j - a scroll of fear
 k - 2 scrolls of enchant weapon
 l - 2 scrolls of teleportation
 v - 5 scrolls of remove curse
 x - a scroll of amnesia
 D - a scroll of enchant armour
 J - a scroll of identify
Potions
 f - 2 potions of curing {unknown}
 m - a potion of brilliance {unknown}
 p - 2 potions of cancellation
 r - a potion of berserk rage {unknown}
 w - a potion of might {unknown}
 A - a potion of flight {unknown}
 C - a potion of haste
 I - a potion of mutation
Comestibles
 c - 11 rations
 N - 6 chunks of flesh


   Skills:
 - Level 5.0 Fighting
 * Level 10.0 Long Blades
 + Level 5.8 Armour
 - Level 3.0 Dodging
 - Level 3.0 Stealth
 - Level 3.0 Shields
 - Level 5.0 Spellcasting
 - Level 3.0 Conjurations
 - Level 1.0 Transmutations
 - Level 3.1 Air Magic
 - Level 8.4 Poison Magic
 + Level 2.5 Invocations


You had 10 spell levels left.
You knew the following spells:

 Your Spells              Type           Power        Failure   Level  Hunger
a - Sting                 Tmut/Pois      ###.         1%          1    None
b - Poisonous Vapours     Pois/Air       ####..       1%          2    #......
c - Olgreb's Toxic Radia  Pois           ####....     4%          4    ####...
d - Mephitic Cloud        Conj/Pois/Air  ###.....     5%          3    ##.....

Your spell library contained the following spells:

 Spells                   Type           Power        Failure   Level  Hunger
 Ignite Poison            Fire/Tmut/Pois ###.....     11%         3    ##.....


Dungeon Overview and Level Annotations

Branches:
Dungeon (9/15)             Temple (1/1) D:4            Lair (0/6) D:9
    Orc (0/2) D:9

Altars:
Ashenzari
Cheibriados
Dithmenos
Elyvilon
Fedhas
Gozag
Hepliaklqana
Kikubaaqudgha
Makhleb
Nemelex Xobeh
Okawaru
Qazlal
Ru
Sif Muna
Trog
Uskayaw
Vehumet
Wu Jian
Xom
Yredelemnul
Zin
The Shining One

Shops:
D:6 [

Annotations:
D:5 3 runed translucent doors, Fandomethor's ghost, amateur MfGl


Innate Abilities, Weirdness & Mutations

You cannot wear boots.
Your serpentine skin is tough. (AC +3)
You have supernaturally acute eyesight. (SInv)
Armour fits poorly on your strangely shaped body.
Your system is resistant to poisons. (rPois)
You cover ground very slowly.
You have a slow metabolism.
You can spit poison.
Your flesh is very heat resistant. (rF++)


Message History

Aim: a two-headed ogre, wielding a +0 great mace and a +0 giant club (poisoned) Poisonous vapours surround the two-headed ogre!
The two-headed ogre is engulfed in poison gas.
The two-headed ogre looks even sicker.
Casting: Poisonous Vapours (safe; 1% risk of failure)
Confirm with . or Enter, or press ? or * to list all spells.
Aiming: Poisonous Vapours (safe; 1% risk of failure)
Press: ? - help, Dir - move target cursor, f/p - two-headed ogre
Aim: a two-headed ogre, wielding a +0 great mace and a +0 giant club (lightly wounded, very poisoned) Poisonous vapours surround the two-headed ogre!
The two-headed ogre looks even sicker.
The two-headed ogre hits you with a +0 great mace!
The two-headed ogre hits you with a +0 giant club.
You closely miss the two-headed ogre.
The two-headed ogre is lightly wounded.
The two-headed ogre hits you with a +0 great mace!
* * * LOW HITPOINT WARNING * * *
The two-headed ogre hits you with a +0 giant club!!
You die...
Fedhas appreciates your contribution to the ecosystem.

#..##......)
#..##..... #..#
.... #..###'##
#### .. #...#...#
..)#... #.....8.#
)8.)...
#..##...## ##5).#
#...##.#'###O#
#.).##.##..@##
#...##.##.>.# #
#.).##.##...## #
#...##.#'###)####
# #...#...##
##รท..# #
#.....8.# #)8.# #
#...#...# #..)# #
#...##### #####
######.)..<..#


You could see a two-headed ogre and a shadow imp.

Vanquished Creatures
  A great orb of eyes (D:8)
  A centaur warrior (D:8)
  A kobold demonologist (D:8)
  Grinder (D:3)
  Prince Ribbit (D:5)
  A hippogriff (D:8)
  Sigmund (D:2)
  A basilisk (D:9)
  Eustachio (D:6)
  2 porcupines (D:9)
  6 orc warriors
  2 ice beasts
  2 sky beasts (D:8)
  A black bear (D:6)
  2 phantoms
  5 ogres
  4 centaurs (D:8)
  A crocodile (D:8)
  14 big kobolds (D:8)
  3 bullfrogs
  3 scorpions
  4 wights (D:8)
  3 crimson imps
  A jelly (D:7)
  12 orc priests
  A gnoll shaman (D:5)
  4 hounds
  14 orc wizards
  A centaur skeleton (D:5)
  An iguana (D:9)
  Natasha (thrice) (D:3)
  6 worker ants
  A hound zombie (D:6)
  A worker ant zombie (D:7)
  4 gnolls (D:5)
  6 adders
  A river rat (D:5)
  2 oozes
  3 worms
  4 dart slugs
  8 leopard geckos
  62 orcs
  A ball python (D:2)
  2 giant cockroaches
  13 goblins
  9 hobgoblins
  10 jackals
  6 quokkas
  4 bats
  8 frilled lizards
  2 jackal zombies
  20 kobolds
  A leopard gecko skeleton (D:7)
  9 rats
281 creatures vanquished.

Vanquished Creatures (collateral kills)
  An orc (D:4)
  4 ballistomycete spores (D:8)
5 creatures vanquished.

Vanquished Creatures (others)
  A porcupine (D:9)
  A centaur skeleton (D:9)
  3 kobolds (D:9)
  2 bushes (D:9)
  3 fungi (D:9)
  7 plants (D:9)
17 creatures vanquished.

Grand Total: 303 creatures vanquished

Notes
Turn   | Place    | Note
-------+----------+-------------------------------------------
     0 | D:1      | Kohma the Naga Venom Mage began the quest for the Orb.
     0 | D:1      | Reached XP level 1. HP: 15/15 MP: 3/3
   173 | D:1      | Reached XP level 2. HP: 22/22 MP: 3/5
   706 | D:1      | Reached skill level 5 in Poison Magic
   715 | D:1      | Reached XP level 3. HP: 11/28 MP: 0/6
  2145 | D:2      | Learned a level 2 spell: Poisonous Vapours
  2274 | D:2      | Reached XP level 4. HP: 36/36 MP: 4/8
  2331 | D:2      | Found a white marble altar of Elyvilon.
  2754 | D:2      | Noticed Sigmund
  2768 | D:2      | Gained mutation: Your flesh is heat resistant. (rF+)
                  | [potion of mutation]
  2768 | D:2      | Gained mutation: Your flesh is very heat resistant. (rF++)
                  | [potion of mutation]
  2770 | D:2      | Killed Sigmund
  2770 | D:2      | Reached XP level 5. HP: 11/42 MP: 1/12
  2770 | D:2      | Reached XP level 6. HP: 13/49 MP: 1/13
  3009 | D:2      | Found a shimmering blue altar of Sif Muna.
  3320 | D:3      | Learned a level 4 spell: Olgreb's Toxic Radiance
  3324 | D:3      | Learned a level 3 spell: Mephitic Cloud
  3340 | D:3      | Noticed Grinder
  3346 | D:3      | Paralysed by Grinder for 3 turns
  4206 | D:3      | Found a sacrificial altar of Ru.
  4223 | D:3      | Paralysed by Grinder for 2 turns
  4233 | D:3      | Paralysed by Grinder for 5 turns
  4248 | D:3      | Killed Grinder
  4248 | D:3      | Reached skill level 1 in Fighting
  4248 | D:3      | Reached skill level 5 in Spellcasting
  4248 | D:3      | Reached XP level 7. HP: 22/57 MP: 14/14
  4493 | D:3      | Noticed Natasha
  4497 | D:3      | Killed Natasha
  4919 | D:3      | Found a sacrificial altar of Ru.
  5028 | D:3      | Noticed Natasha
  5031 | D:3      | Killed Natasha
  5409 | D:3      | Noticed Natasha
  5412 | D:3      | Killed Natasha
  5745 | D:3      | Found a sacrificial altar of Ru.
  6233 | D:4      | Found a staircase to the Ecumenical Temple.
  6257 | Temple   | Entered the Ecumenical Temple
  6358 | Temple   | Became a worshipper of Fedhas Madash
  6496 | D:4      | Reached skill level 1 in Conjurations
  7452 | D:5      | Entered Level 5 of the Dungeon
  7569 | D:5      | Found an ancient bone altar of Kikubaaqudgha.
  7623 | D:5      | Noticed Fandomethor's ghost (amateur MfGl)
  7627 | D:5      | Found a runed translucent gate.
  7627 | D:5      | Found a runed translucent gate.
  7627 | D:5      | Found a runed translucent gate.
  7639 | D:5      | Found a shattered altar of Ashenzari.
  7662 | D:5      | Noticed Prince Ribbit
  7670 | D:5      | Reached XP level 8. HP: 42/68 MP: 6/15
  7676 | D:5      | Killed Prince Ribbit
  7891 | D:5      | Reached skill level 1 in Invocations
  8462 | D:5      | Found a snail-covered altar of Cheibriados.
  8826 | D:6      | Reached skill level 1 in Long Blades
  8977 | D:6      | Found Xurimpid's Antique Armour Emporium.
  9011 | D:6      | Noticed Eustachio
  9021 | D:6      | Killed Eustachio
  9021 | D:6      | Reached * piety under Fedhas
  9277 | D:6      | Reached skill level 2 in Long Blades
  9517 | D:6      | Found an ornate altar of the Wu Jian Council.
  9518 | D:6      | Found a shadowy altar of Dithmenos.
  9518 | D:6      | Found a burning altar of Makhleb.
  9559 | D:6      | Reached XP level 9. HP: 78/78 MP: 6/16
  9632 | D:6      | Reached skill level 1 in Shields
  9939 | D:6      | Found a hide-covered altar of Uskayaw.
  9939 | D:6      | Noticed a +0 hand axe
  9939 | D:6      | Noticed a +0 hand axe
  9986 | D:6      | Reached skill level 1 in Armour
 10221 | D:7      | Found a basalt altar of Yredelemnul.
 10544 | D:7      | Reached ** piety under Fedhas
 10579 | D:7      | Reached skill level 3 in Long Blades
 10642 | D:7      | Reached skill level 5 in Fighting
 10996 | D:7      | Found a stormy altar of Qazlal.
 11209 | D:8      | Reached skill level 4 in Long Blades
 11494 | D:8      | Reached skill level 5 in Long Blades
 11584 | D:8      | Noticed a centaur warrior
 11600 | D:8      | Killed a centaur warrior
 11600 | D:8      | Reached skill level 6 in Long Blades
 11600 | D:8      | Reached XP level 10. HP: 34/88 MP: 4/17
 11601 | D:8      | Noticed a great orb of eyes
 11607 | D:8      | Killed a great orb of eyes
 11607 | D:8      | Reached skill level 7 in Long Blades
 11954 | D:8      | Reached skill level 8 in Long Blades
 11984 | D:8      | Reached *** piety under Fedhas
 12030 | D:8      | Found a glowing golden altar of the Shining One.
 12030 | D:8      | Noticed a kobold demonologist
 12057 | D:8      | Reached skill level 5 in Armour
 12161 | D:8      | Found an ancient bone altar of Kikubaaqudgha.
 12183 | D:8      | Noticed a smoke demon
 12189 | D:8      | Killed a kobold demonologist
 12628 | D:8      | Reached skill level 9 in Long Blades
 12814 | D:8      | Reached XP level 11. HP: 80/94 MP: 14/18
 13321 | D:9      | Found an iron altar of Okawaru.
 13351 | D:9      | Found a radiant altar of Vehumet.
 13385 | D:9      | Found a staircase to the Lair.
 13430 | D:9      | Found a bloodstained altar of Trog.
 13549 | D:9      | Found a staircase to the Orcish Mines.
 13723 | D:9      | Reached **** piety under Fedhas
 13725 | D:9      | Noticed a two-headed ogre
 13726 | D:9      | Reached skill level 10 in Long Blades
 13733 | D:9      | Slain by a two-headed ogre

Levels and vault maps discovered:
D:1:      saegor_arrival_simple_e, layout_basic, minmay_tetromino_t2
D:2:      layout_loops_ring, lemuel_blue_sif_altar, elyvilon_altar_5,
          uniq_sigmund
D:3:      layout_basic, nicolae_ru_path_of_blood, uniq_grinder, uniq_natasha
D:4:      layout_loops_ring, minmay_temple_entry_glass
D:5:      layout_basic, marbit_many_paths, kennysheep_little_box,
          gup_sewer_entry_bowl, basic_altar, gammafunk_ghost_split,
          first_ration, chequers_mini_garden, uniq_prince_ribbit1
D:6:      layout_loops_corners, chequers_temple_overflow_statue_of_worship,
          dancing_weapons_uskayaw, serial_shops, shop, uniq_eustachio
D:7:      layout_loops_cross, kennysheep_mini_moat, overflow_temple_1_default,
          grunt_ogre_cave
D:8:      layout_basic, special_room [special_room_kobold], jmf_multi_god_temple
D:9:      layout_long_grid, fiery_altar_vehumet, old_standard_altar,
          minmay_lair_entry_grove, hiddenorc2_lemuel, okawaru_trees_2
Temple:   compressed_dpeg_triangle_lava_temple

Skill      XL: |  1  2  3  4  5  6  7  8  9 10 11 |
---------------+----------------------------------+-----
Poison Magic   | 5 6 7 8 |  8.4
Spellcasting   | 4 5 |  5.0
Fighting       | 1 2 4 5 |  5.0
Air Magic      | 2 3 |  3.1
Conjurations   | 1 3 |  3.0
Invocations    | 1 2 |  2.5
Dodging        | 3 |  3.0
Long Blades    | 2 6 9 10 | 10.0
Shields        | 3 |  3.0
Armour         | 3 5 |  5.8
Stealth        | |  3.0
Transmutations | |  1.0

Action                   |  1- 3 |  4- 6 |  7- 9 | 10-12 || total
-------------------------+-------+-------+-------+-------++-------
Melee: Club              |     7 |       |       |       ||     7
       Short sword       |    37 |    34 |    46 |       ||   117
       Dagger            |     9 |       |       |       ||     9
       Unarmed           |       |    10 |     7 |       ||    17
       Long sword        |       |       |    36 |       ||    36
       Rapier            |       |       |    62 |       ||    62
       Double sword      |       |       |    33 |   100 ||   133
 Fire: Hunting sling     |       |    28 |    13 |       ||    41
Throw: Dart              |       |       |     2 |       ||     2
 Cast: Sting             |    67 |    23 |    15 |       ||   105
       Poisonous Vapours |       |    23 |   131 |    78 ||   232
       Olgreb's Toxic Ra |       |     2 |     3 |     7 ||    12
       Mephitic Cloud    |       |       |     2 |       ||     2
Invok: Grow Ballistomyce |       |       |       |     3 ||     3
 Abil: Spit Poison       |       |       |       |     1 ||     1
Evoke: Wand              |       |       |     9 |     2 ||    11
  Use: Potion            |       |     2 |     3 |     1 ||     6
       Scroll            |       |     2 |    16 |       ||    18
 Stab: Sleeping          |       |     1 |     4 |       ||     5
  Eat: Chunk             |     3 |     6 |    14 |     8 ||    31
       Ration            |       |       |     2 |       ||     2
Armor: Robe              |    12 |    10 |    63 |    59 ||   144
       Skin              |       |    10 |     5 |       ||    15
Dodge: Dodged            |    46 |    39 |   139 |    70 ||   294
Block: Buckler           |       |       |    23 |    31 ||    54
       Rpst.: Long sword |       |       |     8 |       ||     8
       Double sword      |       |       |     5 |    16 ||    21

Table legend:
 A = Non-vault XP
 B = Vault XP
 C = Vault XP percentage of total XP
 D = Non-vault monster count
 E = Vault monster count
 F = Vault count percentage of total count
                 A         B        C        D         E       F
            +---------+---------+-------+---------+---------+-------
      Total |    5134 |    6166 |  54.6 |     211 |      71 |  25.2
            +---------+---------+-------+---------+---------+-------
        D:1 |      56 |       1 |   1.8 |      33 |       1 |   2.9
        D:2 |      77 |     212 |  73.4 |      27 |       1 |   3.6
        D:3 |     119 |     321 |  73.0 |      18 |       2 |  10.0
        D:4 |     369 |       0 |   0.0 |      14 |       0 |   0.0
        D:5 |     192 |     298 |  60.8 |      10 |       5 |  33.3
        D:6 |     936 |     191 |  16.9 |      28 |       1 |   3.4
        D:7 |     701 |     109 |  13.5 |      26 |       1 |   3.7
        D:8 |    2435 |    3836 |  61.2 |      44 |      29 |  39.7
        D:9 |     249 |    1198 |  82.8 |      11 |      31 |  73.8
            +---------+---------+-------+---------+---------+-------
